 Dungeon Crawl Stone Soup version 0.19-a0-811-gf4045fb (webtiles) character file.

21 Stormbringer the Insei (level 2, -2/24 HPs)
             Began as a Mummy Monk on June 28, 2016.
             Slain by a kobold
             ... wielding a +0 whip
              (5 damage)
             ... on level 1 of the Dungeon.
             The game lasted 00:02:16 (1460 turns).

Stormbringer the Insei (Mummy Monk)                 Turns: 1460, Time: 00:02:17

Health: -2/24      AC:  0    Str: 14    XL:     2   Next: 65%
Magic:  2/2        EV: 15    Int:  9    God:
Gold:   75         SH:  0    Dex: 14    Spells: 0 memorised, 1 level left

rFire  . . .     SeeInvis .       - Unarmed
rCold  + . .     Gourm    .     (no armour)
rNeg   + + +     Faith    .     (no shield)
rPois  ∞         Spirit   .     (no helmet)
rElec  .         Dismiss  .     (no cloak)
rCorr  .         Reflect  .     (no gloves)
SustAt .         Harm     .     (no boots)
MR     .....                    (no amulet)
Stlth  ++........               b - ring of protection from fire
                                a - +2 ring of evasion

@: not resistant to hostile enchantments, unstealthy
A: no food or potions, fire vulnerability, cold resistance 1, negative energy
resistance 3, torment resistance, unbreathing
a: no special abilities


You were on level 1 of the Dungeon.
You were not hungry.

You visited 1 branch of the dungeon, and saw 2 of its levels.

You collected 75 gold pieces.


Innate Abilities, Weirdness & Mutations

You do not eat or drink.
Your flesh is vulnerable to fire.
You are immune to poison.
Your flesh is cold resistant. (rC+)
You are immune to negative energy. (rN+++)
You are immune to unholy pain and torment.
You can survive without breathing.


   Skills:
 - Level 3.0 Fighting
 - Level 2.4 Dodging
 - Level 1.5 Stealth
 + Level 3.3 Unarmed Combat


You had one spell level left.
You didn't know any spells.

Inventory:

Jewellery
 a - a +2 ring of evasion (left hand)
 b - a ring of protection from fire (right hand)
Scrolls
 c - a scroll of enchant armour
 d - 2 scrolls of identify {@r1}
 e - a scroll of amnesia

Dungeon Overview and Level Annotations

Branches:
Dungeon (2/15)

Altars:

▒▒.▒▒▒▒ ▒.▒▒▒▒▒▒▒%▒▒▒▒ ▒▒S▒▒▒
▒.........▒
.....▒▒▒▒▒▒▒▒▒▒▒▒▒▒▒.▒
............▒▒▒▒▒▒▒▒.▒
.▒.......▒▒....>.....▒
.▒▒▒..▒▒.▒▒...▒▒.▒.▒▒▒▒▒▒▒▒▒▒▒▒▒▒
...▒..▒▒.........▒.▒ ▒..........
.....[▒▒▒▒▒...▒▒▒▒.▒ ▒.▒▒▒▒.▒▒▒▒
▒▒.▒▒.▒▒▒▒▒....SMK.▒ ▒.▒....▒ ▒.
.............=▒▒▒▒▒▒ ▒.▒.▒..▒▒▒.
▒▒.▒▒▒▒▒▒▒▒...▒ ▒.▒.▒...... ▒.▒
▒...▒ ▒▒▒▒......▒▒▒▒ ▒▒.▒▒▒▒
▒...▒ ▒...........▒▒ .=....▒
▒...▒ ▒.▒▒▒..▒.▒....
▒▒.▒..▒▒▒▒▒...▒▒▒▒▒▒.▒ ▒..▒.▒....
▒▒...................▒ ▒....▒....
▒▒...................▒ ▒.........


You could see an adder and a kobold.


Message History

You see here a bread ration!
The adder hisses angrily!
As you read the scroll labeled UNUL WIOFEKANT, it crumbles to dust!
It is a scroll of amnesia!
You feel forgetful for a moment! The kobold misses you!
The adder barely misses you!
As you read the scroll labeled XECIEC HUTWU, it crumbles to dust!
It is a scroll of identify!
c - a scroll of enchant armour The kobold closely misses you!
The adder barely misses you!
You aren't carrying any armour which can be enchanted further!
Okay, then!
You closely miss the adder! The adder completely misses you!
The kobold hits you with a whip! * * * don't die
* * * You pummel the adder like a punching bag!
The adder is lightly wounded!
The adder bites you! * * * don't die
* * * The kobold closely misses you!
You barely miss the adder!
The adder is lightly wounded!
The adder closely misses you! The kobold closely misses you!
The adder closely misses you!
You pummel the adder like a punching bag!
The adder is severely wounded!
The kobold misses you! The adder misses you!
You miss the adder!
The adder is severely wounded!
The adder misses you! The kobold hits you with a whip! rip

Action                   || total
-------------------------++-------
Melee: Unarmed           ||    93
  Use: Scroll            ||     2
 Stab: Sleeping          ||     3
Dodge: Dodged            ||    79

Vault maps used:
D:1:      minmay_arrival_checkered_box, minmay_misc_feat_cross
D:2:      nemelex_xobeh_ov_fountains_minmay, lemuel_coloured_pillars_altar

Notes
Turn   | Place    | Note
--------------------------------------------------------------
     0 | D:1      | Stormbringer the Mummy Monk began the quest for the Orb.
     0 | D:1      | Reached XP level 1. HP: 18/18 MP: 1/1
   343 | D:1      | Reached XP level 2. HP: 15/24 MP: 2/2
   568 | D:1      | Reached skill level 3 in Unarmed Combat
  1285 | D:2      | HP: 2/24 [kobold/whip (2)]
  1354 | D:1      | HP: 1/24 [kobold/whip (6)]
  1460 | D:1      | Slain by a kobold

Vanquished Creatures
  An ooze (D:1)
  A giant cockroach (D:2)
  2 goblins
  2 hobgoblins (D:1)
  3 kobolds (D:1)
  3 bats (D:1)
  2 giant newts (D:1)
  4 rats (D:1)
18 creatures vanquished.
